 Dungeon Crawl Stone Soup version 0.29.1 (webtiles) character file.

Game seed: 17730017789256077034

28 groovy9 the Shooter (level 3, 0/31 HPs)
             Began as a Minotaur Hunter on Sept 15, 2022.
             Slain by Terence
             ... wielding a +0 short sword
              (3 damage)
             ... on level 2 of the Dungeon.
             The game lasted 00:02:34 (1090 turns).

groovy9 the Shooter (Minotaur Hunter)               Turns: 1090, Time: 00:02:34

Health: 0/31       AC:  3    Str: 15    XL:     3   Next: 0%
Magic:  2/2        EV: 12    Int:  6    God:
Gold:   60         SH:  0    Dex: 15    Spells: 2/2 levels left

rFire   . . .      SeeInvis .   a - +0 shortbow
rCold   . . .      Faith    .   (shield currently unavailable)
rNeg    . . .      Spirit   .   c - +0 leather armour
rPois   .          Reflect  .   (helmet restricted)
rElec   .          Harm     .   (no cloak)
rCorr   .          Rampage  .   (no gloves)
Will    .....                   (no boots)
Stlth   +.........              f - amulet of the acrobat
HPRegen 0.10/turn               (no ring)
MPRegen 0.08/turn               (no ring)

@: lethally poisoned (0 -> -2), attractive
A: horns 2, retaliatory headbutt
a: no special abilities


You were on level 2 of the Dungeon.
You visited 1 branch of the dungeon, and saw 2 of its levels.

You collected 60 gold pieces.

Inventory:

Hand Weapons
 a - a +0 shortbow (weapon)
Armour
 c - a +0 leather armour (worn)
Jewellery
 f - an amulet of the acrobat (around neck)
Scrolls
 b - a scroll of immolation
 k - a scroll of enchant armour
Potions
 d - a potion of attraction
 g - a potion of haste {unknown}
 h - a potion of lignification {unknown}
 j - a potion of flight {unknown}


   Skills:
 + Level 3.0 Fighting
 * Level 5.0 Ranged Weapons
 + Level 2.6 Dodging
 - Level 0.7 Stealth


You had 2 spell levels left.
You didn't know any spells.
Your spell library was empty.

Dungeon Overview and Level Annotations

Branches:
Dungeon (2/15)

Altars:

Shops:
D:2 ?(

Annotations:
D:2 Terence


Innate Abilities, Weirdness & Mutations

You have a pair of horns on your head.
You reflexively headbutt those who attack you in melee.


Message History

Press: ? - help, Q - select action Shift-Dir - straight line, f - Terence, p - adder
Aim: Terence, wielding a +0 short sword and wearing a +0 scale mail (moderately wounded, 65% to hit)
You shoot an arrow. The arrow barely misses Terence.
You feel sick. The adder barely misses you.
Terence hits you with a +0 short sword. The adder bites you.
Fire: a) +0 shortbow
Press: ? - help, Q - select action Shift-Dir - straight line, p - Terence You shoot an arrow.
You feel sick.
You are no longer poisoned.
The adder barely misses you. Terence hits you but does no damage.
The adder bites you.
You are poisoned.
The adder poisons you! Terence shouts, "Now you die!"
Terence barely misses you.
Fire: a) +0 shortbow
Press: ? - help, Q - select action Shift-Dir - straight line You shoot an arrow.
You feel very sick. The adder closely misses you.
Terence hits you with a +0 short sword.
* * * LOW HITPOINT WARNING * * *
It was a potion of attraction.
You feel attractive to monsters.
You feel sick. The adder barely misses you. Terence barely misses you.
You furiously retaliate!
You headbutt Terence, but do no damage. The adder barely misses you.
As you read the scroll labelled ZIP HYTWOUFALE, it crumbles to dust.
You feel aware of your surroundings.
It was a scroll of magic mapping.
You feel sick. The adder bites you.
* * * LOW HITPOINT WARNING * * *
Terence closely misses you. You furiously retaliate!
You headbutt Terence, but do no damage.
As you read the scroll labelled AQUDYO DEJAI, it crumbles to dust.
It is a scroll of identify.
k - a scroll of enchant armour
* * * LOW HITPOINT WARNING * * *
You feel sick. The adder closely misses you.
Terence hits you with a +0 short sword.
You die...

......................*,,,,***,,,
...........##.........,,,,,,,,,,,
..)........##.......##****,*****,
....######............,,,,,,,,,,,
...................#*****,,,*****
...................#####*,,,,,,,,
............##..........,,,,,,,,,
............##..........,,,,,**,,
.........#####..@@......,,,,,*,,,
.........# #..S.......,,,,,*,,,
.........#***#..........,,,,<*,*,
...........,,#..........,***,*,*,
...........,,#..........,* *,*,*,
...........,,#....∩.....,* *,*,*,
..........,,,#..........,* *,*,*,
#######..,,,,#..........,***,*,*,
*,,,,,,*,,,,,,,,,,,**,,,,,,


You could see Terence and an adder.

Vanquished Creatures
  A worm (D:2)
  A dart slug (D:1)
  4 ball pythons
  4 endoplasms
  2 giant cockroaches
  2 goblins
  2 hobgoblins (D:1)
  A quokka (D:2)
  A frilled lizard (D:1)
  A kobold (D:1)
  3 rats
22 creatures vanquished.

Notes
Turn   | Place    | Note
-------+----------+-------------------------------------------
     0 | D:1      | groovy9 the Minotaur Hunter began the quest for the Orb.
     0 | D:1      | Reached XP level 1. HP: 18/18 MP: 0/0
   307 | D:1      | Reached XP level 2. HP: 25/25 MP: 1/1
   318 | D:1      | Found a faded altar of an unknown god.
   613 | D:2      | Found Gisu's Antique Weapon Shoppe.
   954 | D:2      | Reached skill level 5 in Ranged Weapons
  1030 | D:2      | Reached XP level 3. HP: 31/31 MP: 2/2
  1076 | D:2      | Found Piefil's Magic Scroll Emporium.
  1078 | D:2      | Noticed Terence
  1090 | D:2      | Slain by Terence

Illustrated notes

Levels and vault maps discovered:
D:1:      minmay_arrival_five_plusses, layout_loops_ring,
          hellmonk_ecumenical_altar_arch_garden
D:2:      layout_basic, serial_shops, shop, nicolae_shop_advertising_works
          [nicolae_subvault_shop_adworks], uniq_terence

Skill      XL: |  1  2 |
---------------+-------+-----
Ranged Weapons | 5 |  5.0
Fighting       | 3 |  3.0
Dodging        | |  2.6
Stealth        | |  0.7

Action                   || total
-------------------------++-------
 Fire: Shortbow          ||    62
  Use: Scroll            ||     6
       Potion            ||     1
Armor: Leather armour    ||     3
Dodge: Dodged            ||    19
